 Dungeon Crawl Stone Soup version 0.29-a0-219-g0a02b1cf4f (webtiles) character file.

Game seed: 5541050847116045486

2 shoop the Vexing (level 1, 0/11 HPs)
             Began as a Deep Elf Arcane Marksman on Feb 26, 2022.
             Slain by a bat (1 damage)
             ... on level 1 of the Dungeon.
             The game lasted 00:00:22 (52 turns).

shoop the Vexing (Deep Elf Arcane Marksman)           Turns: 52, Time: 00:00:22

Health: 0/11       AC:  2    Str:  7    XL:     1   Next: 25%
Magic:  5/5        EV: 12    Int: 17    God:
Gold:   0          SH:  0    Dex: 15    Spells: 2/3 levels left

rFire   . . .      SeeInvis .   a - +0 shortbow
rCold   . . .      Faith    .   (shield currently unavailable)
rNeg    . . .      Spirit   .   b - +0 robe
rPois   .          Reflect  .   (no helmet)
rElec   .          Harm     .   (no cloak)
rCorr   .          Rampage  .   (no gloves)
Will    .....                   (no boots)
Stlth   ++........              (no amulet)
HPRegen 0.03/turn               (no ring)
MPRegen 0.09/turn               (no ring)

@: no status effects
A: no striking features
a: no special abilities


You were on level 1 of the Dungeon.
You visited 1 branch of the dungeon, and saw 1 of its levels.

Inventory:

Hand Weapons
 a - a +0 shortbow (weapon)
Armour
 b - a +0 robe (worn)


   Skills:
 - Level 0.7 Fighting
 - Level 2.6 Bows
 - Level 2.4 Dodging
 + Level 1.0 Stealth
 - Level 1.5 Spellcasting
 - Level 4.0 Hexes


You had 2 spell levels left.
You knew the following spells:

 Your Spells              Type           Power      Damage    Failure   Level
a - Slow                  Hex            56%        N/A       4%          1

Your spell library contained the following spells:

 Spells                   Type           Power      Damage    Failure   Level
 Inner Flame              Hex/Fire       8%         N/A       26%         3
 Portal Projectile        Hex/Tloc       16%        N/A       26%         3
 Cause Fear               Hex            7%         N/A       36%         4


Dungeon Overview and Level Annotations

Branches:
Dungeon (1/15)

Altars:


Message History

Press: ? - help, Shift-Dir - straight line, f/p - kobold
Aim: a kobold, wielding a +0 whip (heavily wounded, chance to affect: 71%)
The kobold seems to slow down.
The bat hits you but does no damage. The bat barely misses you.
The bat closely misses you. The bat closely misses you. The bat hits you.
* * * LOW HITPOINT WARNING * * *
The bat hits you.
* * * LOW HITPOINT WARNING * * *
Shoot: a) +0 shortbow
Press: ? - help, Shift-Dir - straight line, f/p - kobold
Aim: a kobold, wielding a +0 whip (moderately wounded, slow, 51% to hit)
You shoot an arrow. The arrow hits the kobold.
You kill the kobold!
The bat hits you.
* * * LOW HITPOINT WARNING * * *
Your Stealth skill increases to level 1!
Shoot: a) +0 shortbow
Press: ? - help, Shift-Dir - straight line, f - bat
Aim: a bat (44% to hit)
You shoot an arrow. The arrow hits the bat.
The bat is severely wounded.
The bat closely misses you. The bat barely misses you.
Shoot: a) +0 shortbow
Press: ? - help, Shift-Dir - straight line, f/p - bat
Aim: a bat (moderately wounded, 44% to hit)
You shoot an arrow. The arrow barely misses the bat.
The bat misses you.
Shoot: a) +0 shortbow
Press: ? - help, Shift-Dir - straight line, f/p - bat
Aim: a bat (moderately wounded, 44% to hit)
You shoot an arrow.
The arrow hits the bat but does no damage.
The bat is moderately wounded.
The bat barely misses you.
Shoot: a) +0 shortbow
Press: ? - help, Shift-Dir - straight line, f/p - bat
Aim: a bat (moderately wounded, 44% to hit)
You shoot an arrow. The arrow closely misses the bat.
The bat hits you.
You die... #.###P......# #...# #........# #.>.# #.♣......#######...# #.P.P..#....)..##.#.# ...♣♣♣.##.).....##...# #..P ♣P##.......##..## PPP

P.##.......##.##
♣P.##.......##.#####
.........b@........#
.###............###.#
#............#
#............#
#............#
#............#
#............#
.............


You could see a bat.

Vanquished Creatures
  A kobold (D:1)
  A ball python (D:1)
2 creatures vanquished.

Notes
Turn   | Place    | Note
-------+----------+-------------------------------------------
     0 | D:1      | shoop the Deep Elf Arcane Marksman began the quest for the
                  | Orb.
     0 | D:1      | Reached XP level 1. HP: 11/11 MP: 5/5
    49 | D:1      | Reached skill level 1 in Stealth
    52 | D:1      | Slain by a bat

Illustrated notes

Levels and vault maps discovered:
D:1:      lemuel_arrival_hallway, layout_basic,
          chequers_ecumenical_altar_island, serial_forest,
          infiniplex_forest_lined_3, infiniplex_forest_corner_1,
          infiniplex_forest_straight_4, infiniplex_forest_clump_small,
          infiniplex_forest_corner_1, infiniplex_forest_lined_3,
          infiniplex_forest_clump_curved

Skill      XL: |  1 |
---------------+----+-----
Stealth        | 1 |  1.0
Fighting       | |  0.7
Bows           | |  2.6
Dodging        | |  2.4
Spellcasting   | |  1.5
Hexes          | |  4.0

Action                   || total
-------------------------++-------
 Fire: Shortbow          ||     8
 Cast: Slow              ||     1
Armor: Robe              ||     1
Dodge: Dodged            ||     8

Table legend: (Time is in decaauts)
 A = Elapsed time spent in this place.
 B = Non-inter-level travel time spent in this place.
 C = Inter-level travel time spent in this place.
 D = Time resting spent in this place.
 E = Time spent auto-exploring this place.
 F = Levels seen in this place.
 G = Mean time per level.
                   A        B        C        D        E       F      G
               +--------+--------+--------+--------+--------+-----+--------+
         Total |     54 |     54 |      0 |      0 |     30 |   1 |   54.0 |
       Dungeon |     54 |     54 |      0 |      0 |     30 |   1 |   54.0 |
               +--------+--------+--------+--------+--------+-----+--------+

Top non-repeatable levels by time:
     D:1: 54 daAuts
